 Dungeon Crawl Stone Soup version 0.29-a0-397-g846e4a0bbc (webtiles) character file.

Game seed: 14183492069646844979

499 hquester the Bolt Thrower (level 6, -1/50 HPs)
             Began as a Demigod Hunter on May 11, 2022.
             Slain by a vampire (8 damage)
             ... on level 5 of the Dungeon.
             The game lasted 00:27:48 (4414 turns).

hquester the Bolt Thrower (Demigod Hunter)          Turns: 4414, Time: 00:27:49

Health: -1/50      AC:  9    Str: 16    XL:     6   Next: 62%
Magic:  8/8        EV: 16    Int: 11    God:
Gold:   221        SH:  5    Dex: 21    Spells: 5/5 levels left

rFire   . . .      SeeInvis .   s - +1 quarterstaff (spect)
rCold   . . .      Faith    .   (shield currently unavailable)
rNeg    . . .      Spirit   .   r - +1 ring mail {rPois}
rPois   +          Reflect  +   u - +2 helmet
rElec   .          Harm     +   i - scarf {harm}
rCorr   .          Rampage  .   (no gloves)
Will    .....                   (no boots)
Stlth   +.........              h - amulet of reflection
HPRegen 0.16/turn               v - +4 ring of evasion
MPRegen 0.11/turn               (no ring)

@: no status effects
A: high MP 1, forlorn, divine attributes
a: no special abilities


You were on level 5 of the Dungeon.
You visited 1 branch of the dungeon, and saw 5 of its levels.
You also visited: Ossuary.

You collected 221 gold pieces.

Inventory:

Hand Weapons
 a - a +1 hand crossbow of venom
 f - a +0 dagger of holy wrath
 s - a +1 spectral quarterstaff (weapon)
Armour
 i - a scarf of harm (worn)
 n - a +0 scale mail
 r - a +1 ring mail of poison resistance (worn)
 u - a +2 helmet (worn)
Jewellery
 h - an amulet of reflection (around neck)
 v - a +4 ring of evasion (left hand)
Wands
 g - a wand of iceblast (3)
 p - a wand of acid (8)
Scrolls
 c - 3 scrolls of immolation
 e - 6 scrolls of teleportation
 k - 4 scrolls of enchant armour
 o - 3 scrolls of amnesia
 w - a scroll of fog {unknown}
 x - a scroll of fear {unknown}
 y - a scroll of magic mapping
Potions
 b - 4 potions of haste
 d - 6 potions of degeneration
 j - a potion of might {unknown}
 l - 2 potions of curing
 m - a potion of flight {unknown}
 q - a potion of attraction {unknown}
 t - a potion of heal wounds {unknown}
 z - 3 potions of mutation
 A - a potion of lignification {unknown}
 B - a potion of ambrosia {unknown}
 C - 3 potions of resistance


   Skills:
 + Level 2.6 Fighting
 + Level 1.4 Staves
 + Level 6.0 Crossbows
 + Level 2.9 Armour
 + Level 2.4 Dodging
 + Level 1.0 Stealth
 + Level 0.1 Shields


You had 5 spell levels left.
You didn't know any spells.
Your spell library contained the following spells:

 Spells                   Type           Power      Damage    Failure   Level
 Animate Skeleton         Necr           0%         N/A       54%         1
 Pain                     Necr           0%         1d4       54%         1
 Vampiric Draining        Necr           0%         2d6       89%         3


Dungeon Overview and Level Annotations

Branches:
Dungeon (5/15)            Ossuary (visited)
 Temple: D:4-7


Innate Abilities, Weirdness & Mutations

You have an increased reservoir of magic. (+10% MP)
You shall have no god before yourself.
Your divine heritage dramatically boosts your attributes as you level up.


Message History

You shoot a bolt. The bolt hits the scorpion!
The scorpion looks as sick as possible!
The scorpion is almost dead.
You kill the scorpion!
Your Crossbows skill increases to level 6!
A vampire comes into view.
Shoot: a) +1 hand crossbow (venom)
Press: ? - help, Q - select action, (/) - cycle Shift-Dir - straight line, f - vampire
Aim: a vampire (68% to hit)
You shoot a bolt. The bolt barely misses the vampire.
Your +1 hand crossbow of venom stops dripping with poison.
You feel a bond with your +1 spectral quarterstaff.
s - a +1 spectral quarterstaff (weapon)
The vampire gestures wildly while chanting.
The vampire flickers and vanishes!
Deactivating autopickup; reactivate with Ctrl-A.
Something barely misses you. Something bites you.
Something draws strength from your injuries!
You hear some strange, mumbled words.
Something tries to affect you, but you resist.
Something hits you but does no damage. Something bites you but does no damage.
You hear some strange, mumbled words.
You are confused.
You bump into the rock wall.
You miss something.
Your +1 spectral quarterstaff hits something.
Something hits you! Something bites you.
Something draws strength from your injuries!
Something hits you but does no damage. Something bites you but does no damage.
You feel less confused. Something hits you! Something barely misses you.
You miss something.
Your +1 spectral quarterstaff closely misses something.
Something hits you! Something bites you!
* * * LOW HITPOINT WARNING * * *
Something draws strength from your injuries!
You miss something.
Your +1 spectral quarterstaff hits something.
Something hits you!
You die...

.#.#.# ##.#.##...........)..#
.###.####.....#............###
......#...###.......#......##
####...<.## ##.....##.......##
#.....#####......#........#
###.##.#.#..............###
#........#.##.....#...# ..
###.(.#..{.#########
....#.....#.@(##
≈##............#
#...........## ...........#
...#........# .. ###.......# .
#........# #......### ......##


You could see a friendly +1 spectral quarterstaff (summoned).

Vanquished Creatures
  A scorpion (D:5)
  A centaur zombie (Ossuary)
  A human zombie (Ossuary)
  2 hounds
  Ijyb (D:4)
  2 iguanas
  An orc wizard (D:5)
  5 mummies
  7 adders
  2 dart slugs
  7 orcs (D:5)
  5 ball pythons
  4 bats
  3 endoplasms
  3 giant cockroaches
  2 gnoll zombies (Ossuary)
  7 goblins
  9 hobgoblins
  2 jackals (D:3)
  6 quokkas
  3 frilled lizards
  3 hobgoblin zombies (Ossuary)
  3 kobolds
  A kobold zombie (Ossuary)
  12 rats
93 creatures vanquished.

Notes
Turn   | Place    | Note
-------+----------+-------------------------------------------
     0 | D:1      | hquester the Demigod Hunter began the quest for the Orb.
     0 | D:1      | Reached XP level 1. HP: 17/17 MP: 3/3
   145 | D:1      | Reached skill level 4 in Crossbows
   145 | D:1      | Reached XP level 2. HP: 24/24 MP: 4/4
   793 | D:1      | Reached XP level 3. HP: 29/29 MP: 5/5
  1599 | D:2      | Reached XP level 4. HP: 31/36 MP: 6/6
  1654 | D:2      | Reached skill level 1 in Armour
  2690 | D:3      | Reached skill level 5 in Crossbows
  3170 | D:4      | Noticed Ijyb
  3176 | D:4      | Killed Ijyb
  3177 | D:4      | Reached skill level 1 in Stealth
  3181 | D:4      | Reached XP level 5. HP: 34/42 MP: 7/7
  3618 | D:5      | Entered Level 5 of the Dungeon
  3661 | D:5      | Found a sand-covered staircase.
  3872 | Ossuary  | Entered an ossuary
  4039 | Ossuary  | Reached XP level 6. HP: 50/50 MP: 8/8
  4203 | D:5      | Reached skill level 1 in Staves
  4393 | D:5      | Reached skill level 6 in Crossbows
  4393 | D:5      | Noticed a vampire
  4414 | D:5      | Slain by a vampire

Illustrated notes

Levels and vault maps discovered:
D:1:      wander_arrival_estate, layout_basic, amcnicky_mini_corridor_feature,
          minmay_rat_gold_closets
D:2:      layout_basic
D:3:      layout_basic
D:4:      layout_rooms, uniq_ijyb
D:5:      layout_cave_pools, nicolae_uskayaw_suspiria, gup_ossuary_entry_pyramid

Skill      XL: |  1  2  3  4  5  6 |
---------------+-------------------+-----
Dodging        | 2 |  2.4
Crossbows      | 4 5 6 |  6.0
Armour         | 1 2 |  2.9
Fighting       | 2 |  2.6
Stealth        | 1 |  1.0
Staves         | 1 |  1.4
Shields        | |  0.1

Action                   |  1- 3 |  4- 6 || total
-------------------------+-------+-------++-------
Melee: Hand crossbow     |     4 |       ||     4
       Quarterstaff      |       |    43 ||    43
       Dagger            |       |     6 ||     6
       Punch             |       |     1 ||     1
 Fire: Hand crossbow     |    85 |    87 ||   172
Evoke: Wand              |       |     1 ||     1
  Use: Scroll            |       |    11 ||    11
 Stab: Sleeping          |     1 |       ||     1
Armor: Leather armour    |     2 |       ||     2
       Scale mail        |     5 |     3 ||     8
       Ring mail         |       |    12 ||    12
Dodge: Dodged            |    19 |    36 ||    55
Block: Other             |     3 |    14 ||    17

Table legend: (Time is in decaauts)
 A = Elapsed time spent in this place.
 B = Non-inter-level travel time spent in this place.
 C = Inter-level travel time spent in this place.
 D = Time resting spent in this place.
 E = Time spent auto-exploring this place.
 F = Levels seen in this place.
 G = Mean time per level.
                   A        B        C        D        E       F      G
               +--------+--------+--------+--------+--------+-----+--------+
         Total |   4489 |   4459 |     30 |    228 |   3049 |   6 |  748.2 |
       Dungeon |   4178 |   4148 |     30 |    149 |   3049 |   5 |  835.6 |
       Ossuary |    310 |    310 |      0 |     79 |      0 |   1 |  310.0 |
               +--------+--------+--------+--------+--------+-----+--------+

Top non-repeatable levels by time:
     D:3: 1173 daAuts
     D:2: 1094 daAuts
     D:1: 955 daAuts
     D:5: 499 daAuts
     D:4: 455 daAuts
 Ossuary: 310 daAuts
